[Event "*** Titled Tuesday Blitz"]
[Site "Chess.com"]
[Date "2021.02.16"]
[Round "11"]
[White "Moultino06"]
[Black "garfield_pg"]
[Result "0-1"]
[WhiteElo "2497"]
[BlackElo "2371"]
[TimeControl "180+1"]
[EndTime "12:12:02 PST"]
[Termination "garfield_pg won by checkmate"]

1. Nf3 Nf6 2. Ng1 g6 3. Nc3 d5 4. Nb1 Bg7 5. e3 Ng8 6. Nf3 Bf8 7. c4 dxc4 8. Bxc4 Bg7 9. d4 Nf6 10. O-O O-O 11. Nc3 c5 12. dxc5 Qa5 13. Nb5 Ne4 14.
a3 Nc6 15. Ra2 a6 16. b4 Qd8 17. Qxd8 Rxd8 18. Nc7 Rb8 19. Nd5 Be6 20. Nb6 Bxc4 21. Nxc4 Rd3 22. Bb2 Bxb2 23. Rxb2 Rc3 24. Na5 Nxa5 25.
bxa5 Rxc5 26. Rfb1 Rxa5 27. Rxb7 Rxb7 28. Rxb7 Rxa3 29. g3 Ra1+ 30. Kg2 Ra2 31. Rxe7 Rxf2+ 32. Kg1 Rxf3 33. Rxe4 Rf5 34. Re8+ Kg7 35. Kg2 h5 36. e4 Rf6 37. Re5 Re6 38. Ra5 Kf6 39. Kf3 Ke7 40. Kf4 Kd7 41. e5 Kc7 42. Ke4 Kb6 43. Ra1 f6 44. Kd5 Rxe5+ 45. Kd6 a5 46. Rf1 Rf5 47. Rb1+ Rb5 48. Re1 a4 49. Re8 Ka5 50. Ra8+ Kb4 51.
Ke6 Rb6+ 52. Kf7 g5 53. Kg6 h4 54. gxh4 gxh4 55. Kh5 Rb5+ 56. Kxh4 a3 57. Kg4 Kb3 58. h4 a2 59. h5 Rb4+ 60. Kf5 Ra4 61. Rb8+ Ka3 62.
h6 a1=Q 63. Kg6 Qe5 64. Rg8 Qg5+ 65. Kh7 Ra7+ 66. Rg7 Qf5+ 67. Kh8 Ra8+ 68. Rg8 Rxg8+ 69. Kxg8 Qg6+ 70. Kf8 Qxh6+ 71. Kf7 Qg5 72. Ke6 f5 73. Ke5 f4+ 74. Ke4 f3 75. Kd3 Kb3 76. Kd4 Qf4+ 77. Kd3 f2 78. Ke2 f1=Q# 0-1

[Event "*** Titled Tuesday Blitz"]
[Site "Chess.com"]
[Date "2021.02.16"]
[Round "11"]
[White "Tactictic"]
[Black "mikolka1985"]
[Result "0-1"]
[WhiteElo "2425"]
[BlackElo "2609"]
[TimeControl "180+1"]
[EndTime "12:12:05 PST"]
[Termination "mikolka1985 won by checkmate"]

1. e4 e5 2. Nf3 Nc6 3. Bc4 Bc5 4. O-O Nf6 5. d3 d6 6. c3 a6 7. a4 O-O 8. Re1 Ba7 9. h3 Ne7 10. d4 Ng6 11. Nbd2 c6 12. Bf1 exd4 13. cxd4 Re8 14. e5 dxe5 15. dxe5 Nh5 16. Nc4 Qxd1 17. Rxd1 Be6 18.
Nd6 Red8 19. Bg5 Rd7 20. Ne4 Rxd1 21. Rxd1 Bd5 22. Bd3 Nhf4 23. Bb1 Ne6 24. Bc1 Nc5 25. Nxc5 Bxc5 26. Bxg6 hxg6 27. Ne1 Kf8 28. Nd3 Be7 29. Re1 Bb3 30. a5 Rd8 31. Nf4 g5 32. Ne2 Bb4 33.
Nc3 Bxa5 34. Bxg5 Rd3 35. Rc1 Be6 36. Be3 Bc7 37. Bc5+ Ke8 38. f4 Rd2 39. b4 Rb2 40.
Ne4 Bd5 41. Nf2 b6 42. Bd4 Rxb4 43. Bc3 Rxf4 44. Nd3 Rc4 45. Bd2 Rxc1+ 46. Bxc1 c5 47. Bb2 g6 48. Nf4 Bc4 49. g4 a5 50. h4 Bd8 51. h5 gxh5 52. gxh5 Bg5 53. Nh3 Be3+ 54.
Kg2 Bd5+ 55. Kg3 a4 56. Nf2 Bxf2+ 57. Kxf2 Be4 58. Ke3 Bh7 59. Kf4 b5 60. Kg5 b4 61.
Kh6 Bf5 62. Kg5 Bd3 63. Kf6 a3 64. Ba1 b3 65. e6 fxe6 66. Kxe6 b2 67. Bxb2 axb2 68.
Kd5 c4 69. Kc5 b1=Q 70. Kd4 Qb2+ 71. Kc5 c3 72. Kd5 c2 73. Ke6 c1=Q 74. h6 Qe3+ 75.
Kd5 Qbd4+ 76. Kc6 Qc5+ 77. Kb7 Be4+ 78. Kb8 Qb3# 0-1

[Event "*** Titled Tuesday Blitz"]
[Site "Chess.com"]
[Date "2021.02.16"]
[Round "11"]
[White "Cecile-Haussernot"]
[Black "GameOverBro"]
[Result "1-0"]
[WhiteElo "2357"]
[BlackElo "2418"]
[TimeControl "180+1"]
[EndTime "12:12:17 PST"]
[Termination "Cecile-Haussernot won on time"]

1. e4 d6 2. d4 Nf6 3. Nc3 e5 4. Nf3 Nbd7 5. Bc4 Be7 6. a4 c6 7. Ba2 h6 8. O-O Qc7 9. Nh4 O-O 10. Nf5 Re8 11. Qd3 exd4 12. Qg3 Nh5 13. Nxh6+ Kh7 14.
Qf3 Ndf6 15. Bxf7 gxh6 16. Bxe8 Bg4 17. Qd3 Nxe8 18. Qxd4 Nef6 19. Be3 Rg8 20. f3 Bh3 21. Rf2 Nd7 22. Qd2 Bh4 23. Re2 Ne5 24. Kh1 Qg7 25. gxh3 Nxf3 26. Qxd6 Bg5 27. Qe6 Bxe3 28. Qf5+ Kh8 29.
Qg4 Bd4 30. Rf1 Ne5 31. Qxg7+ Rxg7 32. Nd1 Nc4 33. c3 Be5 34. b3 Nd6 35. Ne3 Nf4 36. Ree1 Bxc3 37. Rd1 Be5 38. Nf5 Nxf5 39. exf5 Nxh3 40.
Rd8+ Kh7 41. f6 Bxf6 42. Rd3 Be5 43. Rxh3 Bd4 44. Rhf3 c5 45. h4 a6 46. Rf5 b5 47.
Kh2 bxa4 48. bxa4 c4 49. Rd5 Be3 50. Rf3 Bc1 51. Rc3 Bb2 52. Rxc4 Bf6 53. Rc6 Bxh4 54. Rh5 Bg5 55. Rxa6 Rd7 56. Rc6 Rd2+ 57. Kg3 Ra2 58. Rc4 Kg6 59. Rh1 Ra3+ 60. Kg2 Kf5 61. Rf1+ Kg6 62.
Re1 Ra2+ 63. Kf3 Ra3+ 64. Ke4 Kh5 65. Kf5 Rf3+ 66. Ke4 Ra3 67. Rh1+ Kg4 68. Rg1+ Kh5 69. Kd5 Kg6 70. Rh1 Kf5 71. Rf1+ Kg6 72. Kc6 h5 73.
Kb5 h4 74. Rc6+ Kh5 75. Rc5 Rg3 76. Rff5 h3 77. Rf8 Kg4 78. Rh8 Rb3+ 79. Kc4 Rb1 80.
Rxg5+ Kxg5 81. Rxh3 Kf6 82. a5 Ke7 83. Rd3 1-0

[Event "*** Titled Tuesday Blitz"]
[Site "Chess.com"]
[Date "2021.02.16"]
[Round "11"]
[White "Fusikk"]
[Black "Problematique_99"]
[Result "1/2-1/2"]
[WhiteElo "2678"]
[BlackElo "2477"]
[TimeControl "180+1"]
[EndTime "12:12:21 PST"]
[Termination "Game drawn by repetition"]

1. e4 e5 2. Nf3 Nc6 3. Bb5 a6 4. Ba4 d6 5. O-O Bd7 6. d4 b5 7.
Bb3 Nxd4 8. Nxd4 exd4 9. c3 d3 10. Qxd3 Nf6 11. Bg5 Be7 12. Nd2 O-O 13. Rae1 Ng4 14.
Bxe7 Qxe7 15. Qe2 c5 16. h3 Nf6 17. f4 Bc6 18. Bc2 Rae8 19. Qd3 c4 20. Qd4 Nd7 21. Re2 Nc5 22. Rfe1 Ne6 23. Qf2 f6 24. g3 Nc5 25.
Qd4 Qe6 26. Kh2 Bd7 27. g4 Bc6 28. Nf3 Re7 29. Qe3 Rfe8 30. Nd4 Qd7 31. Nf5 Rxe4 32. Bxe4 Rxe4 33. Qg3 d5 34. Nd4 Nd3 35. Re3 Bb7 36.
R3e2 Nxe1 37. Qxe1 Qd6 38. Rxe4 dxe4 39. Qe3 g6 40.
Kg2 Kf7 41. Kf2 a5 42. Qg3 b4 43. f5 Qxg3+ 44. Kxg3 g5 45. Kf2 Ke7 46. Ke3 Kd6 47. a3 bxa3 48. Nb5+ Kc5 49. Nxa3 Bc6 50. Nc2 Kd5 51. Nd4 Bd7 52. Ne2 Ke5 53. Ng3 Bc6 54.
Nf1 Bb7 55. Nd2 Bd5 56. Nb1 h6 57. Na3 Bf7 58. Nc2 h5 59. Nd4 hxg4 60. hxg4 Kd5 61.
Ne2 Ke5 62. Ng3 Bd5 63. Nf1 Bc6 64. Nd2 Bd5 65. Nb1 Bc6 66. Na3 Bd5 67. Nc2 Bc6 68. Na3 Bd5 69. Nb5 Bc6 70. Nd4 Bd7 71. Ne2 Bc6 72.
Ng3 Bd5 73. Nh5 Bc6 74. Ng7 Bd7 75. Nh5 Be8 76. Ng3 Bc6 77. Nf1 Bb7 78. Nd2 Bd5 79. Nb1 Bc6 80. Na3 1/2-1/2

[Event "*** Titled Tuesday Blitz"]
[Site "Chess.com"]
[Date "2021.02.16"]
[Round "11"]
[White "Shuvalov"]
[Black "olksuna"]
[Result "1/2-1/2"]
[WhiteElo "2545"]
[BlackElo "2678"]
[TimeControl "180+1"]
[EndTime "12:12:22 PST"]
[Termination "Game drawn - insufficient material"]

1. Nf3 Nf6 2. c4 c5 3. g3 b6 4.
Bg2 Bb7 5. O-O e6 6. Nc3 Be7 7.
d4 cxd4 8. Qxd4 d6 9. Bg5 a6 10.
Bxf6 Bxf6 11. Qf4 O-O 12. Rfd1 Be7 13. Ne4 Bxe4 14. Qxe4 Ra7 15. Nd4 Rc7 16. b3 Rc5 17. a4 Qc7 18. e3 Rc8 19. Ra2 Bf6 20. Rad2 Nd7 21. Bf1 Ne5 22. f4 Nc6 23. Nf3 Be7 24. Qb1 h6 25. b4 Rf5 26. Nd4 Nxd4 27. exd4 a5 28. b5 d5 29. Bd3 Rh5 30. Be2 Rf5 31.
Bg4 dxc4 32. Bxf5 exf5 33. Qxf5 c3 34. Rc2 Bb4 35. Kg2 Re8 36. Qd3 Qb7+ 37. Qf3 Qd7 38. Re2 Rc8 39. Rc1 Qc7 40. Rcc2 g6 41. d5 Qd6 42.
Qe4 h5 43. f5 Rd8 44. fxg6 fxg6 45. Qe6+ Qxe6 46. dxe6 Kf8 47. e7+ Bxe7 48. Rxc3 Rd7 49.
Rc6 Bc5 50. Rxg6 Rd4 51. Rh6 Rxa4 52. Rxh5 Rb4 53. Rf5+ Kg7 54. h4 a4 55. h5 a3 56. g4 Ra4 57. Kh3 a2 58. Rf1 a1=Q 59. Rxa1 Rxa1 60. Re6 Rh1+ 61. Kg3 Rg1+ 62. Kh3 Kf7 63. Rg6 Rh1+ 64. Kg3 Rg1+ 65. Kf4 Rf1+ 66. Ke4 Re1+ 67. Kd5 Rd1+ 68. Kc6 Rc1 69. Kb7 Bd4 70.
Rc6 Rb1 71. Rxb6 Bxb6 72. Kxb6 Ke6 73. Kc6 Rc1+ 74. Kb7 Rg1 75. b6 Kd6 76. h6 Rxg4 77. h7 Rh4 78. Ka8 Rxh7 79. b7 Rh8+ 80. b8=Q+ Rxb8+ 81. Kxb8 1/2-1/2

[Event "*** Titled Tuesday Blitz"]
[Site "Chess.com"]
[Date "2021.02.16"]
[Round "11"]
[White "DrVelja"]
[Black "seorobert1971"]
[Result "0-1"]
[WhiteElo "2875"]
[BlackElo "2736"]
[TimeControl "180+1"]
[EndTime "12:12:24 PST"]
[Termination "seorobert1971 won on time"]

1. e4 c6 2. Nf3 d5 3. exd5 cxd5 4. Ne5 Nc6 5. Bb5 Bd7 6. Nxd7 Qxd7 7. d4 e6 8. O-O Bd6 9. c3 Nge7 10. Nd2 O-O 11. Nf3 Qc7 12. Re1 Ng6 13. h3 a6 14. Bd3 Nf4 15. Bf1 b5 16. h4 b4 17. g3 Nh5 18.
Ne5 Nf6 19. Nxc6 Qxc6 20. cxb4 Bxb4 21. Re2 Rfc8 22. Be3 Ne4 23. Rc1 Qb7 24. Rec2 Rxc2 25. Qxc2 a5 26. Qc6 Qxc6 27. Rxc6 Bd2 28. Bxd2 Nxd2 29. Be2 Ne4 30. g4 h6 31. f3 Nf6 32.
Kf2 Kf8 33. Ke3 Ne8 34. Rb6 Ke7 35. Rb7+ Kf8 36. b3 g5 37. hxg5 hxg5 38. Kd2 Nd6 39. Rd7 Ne8 40. a4 Nf6 41. Rb7 Ne8 42. Kc3 Nd6 43.
Rd7 Nc8 44. Bb5 Nb6 45. Rb7 Nc8 46. Rd7 Nb6 47. Rd6 Nc8 48. Rd8+ Ke7 49. Re8+ Kd6 50. b4 axb4+ 51. Kxb4 Rb8 52. a5 Kc7 53. Rf8 Nd6 54.
Rxb8 Kxb8 55. Kc5 Nb7+ 56. Kb6 Nd6 57. Bd7 Nc4+ 58. Kb5 Kc7 59. a6 Nb6 60. Be8 Nc8 61.
Kc5 f5 62. Bf7 fxg4 63. fxg4 Kd7 64. Bg8 Na7 65. Kb6 Nc8+ 66. Kb7 Nd6+ 67. Kb8 Nb5 68. Kb7 Nd6+ 69. Kb8 Nb5 70. a7 Nxa7 71. Kxa7 Kd6 72. Kb6 e5 73. Bh7 exd4 74. Kb5 Ke5 75. Kb4 Kf4 76.
Bf5 Ke3 77. Kc5 d3 0-1

[Event "*** Titled Tuesday Blitz"]
[Site "Chess.com"]
[Date "2021.02.16"]
[Round "11"]
[White "Nachsueb"]
[Black "DinaBelenkaya"]
[Result "0-1"]
[WhiteElo "2175"]
[BlackElo "2288"]
[TimeControl "180+1"]
[EndTime "12:12:30 PST"]
[Termination "DinaBelenkaya won on time"]

1. d4 d5 2. c4 dxc4 3. Nf3 Nf6 4.
e3 a6 5. Bxc4 c5 6. O-O e6 7. a4 Nc6 8. Nc3 Be7 9. d5 exd5 10.
Nxd5 Nxd5 11. Bxd5 Bg4 12. Bxc6+ bxc6 13. Qe2 O-O 14. Rd1 Qb6 15. h3 Bh5 16. Rb1 Bf6 17. Bd2 Qb3 18. Rdc1 Bg6 19. e4 Rfe8 20. Qc4 Qxc4 21.
Rxc4 Bxe4 22. Re1 Bd5 23. Rxe8+ Rxe8 24. Rxc5 Bxb2 25. Bc3 Ba3 26. Ra5 Bc4 27. Ne5 Be2 28. f4 f6 29. Nxc6 Rc8 30. Nd4 Bd3 31. Bd2 Bc5 32.
Be3 Bc4 33. Kf2 Bb4 34. Rh5 g6 35. Rh4 f5 36. g4 Be7 37. g5 Rb8 38. Nf3 Rb2+ 39.
Kg3 Bb4 40. Bd4 Rb3 41. Kf2 Bd5 42. Ne5 Ra3 43. Rh6 Ra2+ 44. Ke3 Bd2+ 45. Kd3 Bxf4 46. Nxg6 Be4+ 47. Kc3 hxg6 48. Rxg6+ Kf7 49. Rf6+ Ke7 50. g6 Rc2+ 51. Kb3 Rg2 52. Rf7+ Ke8 53. Rf6 Bd5+ 54.
Kb4 Bg5 55. Rxa6 Be7+ 56. Kb5 Be4 57. g7 Bd3+ 58. Kc6 Bxa6 59. Kb6 Bd3 60. a5 Bd8+ 61.
Kc6 Bxa5 62. Kd6 Bb4+ 63. Ke6 Bc4+ 64. Kxf5 Bg8 65. h4 Kf7 66. h5 Bh7+ 67. Kf4 Bd6+ 68. Kf3 Rg5 69. h6 Rf5+ 70. Kg4 Kg8 71. Be3 Rd5 72.
Bg5 Rb5 73. Be3 Be7 74. Kf3 Rh5 75. Bf4 Bg6 76. Kg4 Bf7 77. Kf3 Bf6 78. Kg4 Bxg7 79. Kf3 Bxh6 80. Be5 Rxe5 81. Kg4 Be6+ 82. Kf3 Bg5 83.
Kg3 Re4 84. Kf3 Bd5 0-1

[Event "*** Titled Tuesday Blitz"]
[Site "Chess.com"]
[Date "2021.02.16"]
[Round "11"]
[White "ChessFighter1975"]
[Black "rozabaku"]
[Result "0-1"]
[WhiteElo "2350"]
[BlackElo "2232"]
[TimeControl "180+1"]
[EndTime "12:12:36 PST"]
[Termination "rozabaku won by checkmate"]

1. d4 Nf6 2. c4 g6 3. Nc3 d5 4. Nf3 Bg7 5. cxd5 Nxd5 6. Qb3 Nxc3 7. bxc3 O-O 8. Ba3 b6 9. e3 Ba6 10. Bxa6 Nxa6 11. O-O c6 12. Rad1 Nc7 13. c4 Re8 14. e4 b5 15. d5 bxc4 16. Qxc4 cxd5 17. exd5 Qd7 18. d6 Nb5 19. Qa4 exd6 20. Rxd6 Qb7 21.
Rb1 a6 22. Rd3 Qe4 23. Qxe4 Rxe4 24. Bb2 Rb4 25. Rb3 Rxb3 26. axb3 Rb8 27. Bxg7 Kxg7 28. Ra1 Rb6 29. h4 Nc7 30. Ra3 Kf6 31. Ng5 h6 32. Ne4+ Ke5 33. f3 f5 34. Nc5 Kd4 35. Nd7 Rd6 36. Nb8 Kc3 37. Kf2 Kb4 38. Ra1 Kxb3 39.
Rb1+ Kc2 40. Ra1 Kb3 41. Ke3 Kb2 42. Ra5 Kb3 43. Ra1 Kb4 44. Rb1+ Ka5 45. Rc1 Nb5 46. Nc6+ Kb6 47. Ne7 Re6+ 48. Kf2 Rxe7 49. h5 g5 50. Rd1 Re6 51. Rd8 a5 52. Rg8 a4 53. Rg6 Nc7 54.
Rg8 a3 55. Rb8+ Ka7 56. Rb1 Ra6 57. Ra1 a2 58. Ke3 Nb5 59. Kd3 Kb6 60. Kc4 Ra8 61. Kb4 Nd4 62. Kc3 Ne2+ 63. Kb4 Ng3 64. Kb3 Nxh5 65. Kc4 Ng3 66. Kd5 h5 67. Ke5 f4 68.
Kf6 Ne2 69. Kxg5 Nd4 70. Kxf4 Nc2 71. Rxa2 Rxa2 72. Kg5 Ne3 73. g4 hxg4 74. fxg4 Rg2 75. Kf4 Nxg4 76. Kf5 Rg1 77. Kf4 Kc5 78. Kf3 Kd4 79. Kf4 Ne5 80. Kf5 Rf1+ 81. Ke6 Ke4 82. Kd6 Nc4+ 83. Kc5 Kd3 84. Kb4 Rf4 85. Kc5 Ne5 86.
Kd6 Re4 87. Kd5 Ng4 88. Kd6 Kd4 89. Kc6 Re5 90. Kd6 Ne3 91. Kc6 Nc4 92. Kc7 Kc5 93. Kd7 Nb6+ 94. Kd8 Re6 95. Kc7 Re7+ 96. Kd8 Rh7 97.
Ke8 Kd6 98. Kf8 Ke6 99. Kg8 Rb7 100. Kf8 Nd5 101. Kg8 Kf6 102. Kh8 Kg6 103. Kg8 Rb8# 0-1

[Event "*** Titled Tuesday Blitz"]
[Site "Chess.com"]
[Date "2021.02.16"]
[Round "11"]
[White "Supernotar"]
[Black "xberli"]
[Result "1/2-1/2"]
[WhiteElo "2729"]
[BlackElo "2502"]
[TimeControl "180+1"]
[EndTime "12:12:52 PST"]
[Termination "Game drawn by repetition"]

1. d4 g6 2. c3 b6 3. Nf3 Bg7 4. Bf4 Bb7 5. e3 Nf6 6. Be2 O-O 7. h3 c5 8. O-O d6 9. a4 Nbd7 10.
a5 bxa5 11. Qa4 cxd4 12. exd4 Nd5 13. Bg3 e5 14. dxe5 dxe5 15. Qxa5 e4 16. Nd4 Qe7 17. Ba6 N7b6 18. Bxb7 Qxb7 19. Na3 e3 20. Rae1 Rae8 21. Kh2 Bxd4 22. cxd4 e2 23. Rg1 Re6 24. Qd2 Rfe8 25.
Qd3 f6 26. Nc2 Kg7 27. f3 h5 28. h4 Qd7 29. Rc1 R8e7 30. Rge1 Ne3 31. Nxe3 Rxe3 32. Qd2 Nd5 33. Bf2 R3e6 34. Rc2 Qd6+ 35. Kg1 Qf4 36.
Qxf4 Nxf4 37. Rd2 Nd5 38. Bg3 Kf7 39. Kf2 Nb4 40. d5 Rb6 41. d6 Rd7 42. Rexe2 Nc6 43. Rd3 Ne5 44. Bxe5 fxe5 45. Rxe5 Rxb2+ 46. Kg3 Rb6 47. Ra5 Rbxd6 48. Rxd6 Rxd6 49. Rxa7+ Kf6 50. Ra4 Kg7 51.
Kf4 Kh6 52. Re4 Rb6 53. Rd4 Rc6 54. Rb4 Rf6+ 55. Kg3 Ra6 56. Re4 Rd6 57. Re7 Rb6 58.
Re8 Ra6 59. Rh8+ Kg7 60. Rc8 Kh6 61. Rc2 Rb6 62. Re2 Ra6 63. Re7 Rb6 64. Kh3 Ra6 65.
Kh2 Rb6 66. Ra7 Rc6 67. Ra4 Rb6 68. Rc4 Ra6 69. Rd4 Rb6 70. Re4 Ra6 71. Kh3 Rb6 72.
Re3 Ra6 73. Rb3 Rc6 74. Rb2 Rd6 75. Rb1 Ra6 76. Re1 Rc6 77. Kg3 Rb6 78. Re3 Ra6 79. Rc3 Rb6 80. Rc4 Ra6 81. Rc8 Rb6 82. Kf2 Ra6 83.
Kg1 Rb6 84. g3 Ra6 85. Kg2 Rb6 86. Kh3 Ra6 87. Rh8+ Kg7 88. Rc8 Kh6 89. Rc3 Rb6 90.
Rc2 Ra6 91. Rf2 Rb6 92. Kg2 Ra6 93. Re2 Rb6 94. Rd2 Ra6 95. Rc2 Rb6 96. Rc4 Ra6 97. Rc3 Rb6 98. g4 hxg4 99. fxg4 Ra6 100. Kg3 Rb6 101. Rf3 Ra6 102. Rf8 Ra3+ 103. Rf3 Ra6 104. Rf7 Ra3+ 105. Rf3 Ra6 1/2-1/2

[Event "*** Titled Tuesday Blitz"]
[Site "Chess.com"]
[Date "2021.02.16"]
[Round "11"]
[White "HElissalt"]
[Black "pavelalexandru07"]
[Result "1/2-1/2"]
[WhiteElo "2209"]
[BlackElo "2310"]
[TimeControl "180+1"]
[EndTime "12:14:05 PST"]
[Termination "Game drawn by repetition"]

1. d4 Nf6 2. c4 c5 3. d5 e6 4. Nc3 exd5 5. cxd5 d6 6. Nf3 g6 7.
Bf4 Bg7 8. h3 O-O 9. e3 Ne8 10.
Be2 Nd7 11. O-O Ne5 12. Bxe5 Bxe5 13. Nxe5 dxe5 14. Rc1 Nd6 15. Nb5 b6 16. Nxd6 Qxd6 17. e4 f5 18. f3 Bd7 19. Qd2 f4 20. Qc3 a5 21. b3 g5 22. a4 h5 23. Rfd1 Ra7 24.
Rd2 Bc8 25. Rf1 Rg7 26. Kf2 g4 27. hxg4 hxg4 28. Ke1 g3 29. Rh1 Rf6 30. Rd1 Rh6 31. Kd2 Rgh7 32. Rhg1 Rh2 33. Kc1 Kf8 34. Kb2 Ke7 35. Kb1 Kd8 36. Kc1 Kc7 37. Kb1 R7h6 38.
Kc1 Qe7 39. Kb1 Kd6 40. Kc1 Qh7 41. Qc4 Qb7 42. Qb5 Bd7 43. Qc4 Rh8 44. Qc3 Rb8 45. Bb5 Bxb5 46. axb5 Qd7 47. Qc4 Rbh8 48. Kb2 Qh7 49. Ka3 Qd7 50. Ka4 R8h6 51. Qc3 Qh7 52. Qc4 Rh1 53. Qc1 Rxg1 54. Rxg1 Rh2 55. Ka3 Qg7 56.
Ka4 Rh6 57. Ka3 Qd7 58. Ka4 Rh7 59. Qc3 Qe7 60. Qc4 Qh4 61. Qc3 Qh2 62. Qe1 Qh4 63.
Qf1 Qf6 64. Qc4 Rh2 65. Qf1 Kc7 66. Qc4 Qd6 67. Qc2 Kd7 68. Qc4 Ke7 69. Ka3 Kf6 70. Ka4 Kg5 71. Ka3 Rh8 72. Ka4 Rd8 73. Rh1 Kg6 74. Rh3 Kg7 75. Rh4 Rh8 76. Rxh8 Kxh8 77. Qc3 Kg7 78. Qc4 Kf6 79. Qc3 Ke7 80. Qd3 Kd7 81. Qc3 Kc7 82. Qc4 Qh6 83. Qf1 Kd6 84.
Ka3 Qh2 85. Ka4 Kd7 86. Ka3 Kc7 87. Ka4 Kd6 88. Ka3 Qh7 89. Ka4 Kd7 90. Ka3 Qh6 91.
Ka4 Qd6 92. Ka3 c4+ 93. Kb2 cxb3 94. Kxb3 Qb4+ 95. Kc2 Kd6 96. Qd3 Qa4+ 97. Kb2 Qb4+ 98. Ka2 Qe1 99. Qa3+ Kd7 100. Qb2 Qf2 101. Ka3 Kd6 102. Ka2 Kc5 103. Kb3 Qe3+ 104. Qc3+ Qxc3+ 105. Kxc3 Kd6 106. Kc4 a4 107. Kb4 a3 108. Kxa3 Kc5 109. Kb3 Kxb5 110. Kc3 Kc5 111. Kb3 b5 112. Kc3 b4+ 113. Kb3 Kd4 114. d6 Ke3 115. d7 Kf2 116. d8=Q Kxg2 117. Qd3 Kh3 118. Kxb4 g2 119. Qd1 Kh2 120. Qe2 Kh3 121. Qf2 Kh2 122. Qh4+ Kg1 123. Qe1+ Kh2 124. Qh4+ Kg1 125. Qe1+ Kh2 126. Qh4+ 1/2-1/2